 Dungeon Crawl Stone Soup version 0.18-a0-1718-g40ea4b6 (webtiles) character file.

2595 M4edhros the Spear-Bearer (level 9, -2/61 HPs)
             Began as an Octopode Wanderer on Apr 8, 2016.
             Slain by Duvessa
             ... wielding a +2 short sword of draining
              (4 damage)
             ... on level 7 of the Dungeon.
             The game lasted 00:28:43 (11347 turns).

M4edhros the Spear-Bearer (Octopode Wanderer)      Turns: 11347, Time: 00:28:43

Health: -2/61      AC:  1    Str: 16 (18) XL:     9   Next: 59%
Magic:  10/10      EV: 11    Int: 11 (13) God:    Xom [......]
Gold:   463        SH:  0    Dex:  3 (13) Spells: 0 memorised, 10 levels left

rFire  + . .     SeeInvis .     g - +2 rapier (venom)
rCold  . . .     Gourm    .     (no shield)
rNeg   . . .     Faith    +     (helmet restricted)
rPois  +         Spirit   .     m - amulet of faith
rElec  .         Dismiss  .     b - ring of Ajaota Xaipp {Fragile Str+5 Dex-3 Stlth+}
rCorr  .         Reflect  .     (no ring)
SustAt .         Harm     .     (no ring)
MR     +....                    (no ring)
Stlth  +++.......               (no ring)
                                (no ring)
                                (no ring)
                                (no ring)

@: heavily drained, somewhat resistant to hostile enchantments, fairly stealthy
A: almost no armour, amphibious, 8 rings, constrict 8, tentacle spike 2,
camouflage 1, agile 1, blurry vision 1, fire resistance 1, magic resistance 1,
mutation resistance 1, poison resistance, regeneration 2, robust 1, gelatinous
body 1
a: Renounce Religion


You were on level 7 of the Dungeon.
You worshipped Xom.
You were a very special plaything of Xom.
You were not hungry.

You visited 2 branches of the dungeon, and saw 8 of its levels.

You collected 463 gold pieces.

Inventory:

Hand Weapons
 a - a +2 hand axe
 g - a +2 rapier of venom (weapon)
 l - a +1 hunting sling
 n - a +0 rapier
 s - a +0 vampiric spear
 u - a +0 blowgun
Missiles
 f - 295 stones (quivered)
 j - 21 sling bullets
Jewellery
 b - the ring of Ajaota Xaipp (left tentacle) {Fragile Str+5 Dex-3 Stlth+}
   (Xom gifted it to you in the Ecumenical Temple)

   [ring of stealth]

   It affects your strength (+5).
   It affects your dexterity (-3).
   It will be destroyed if unequipped.
   It makes you more stealthy.
 m - an amulet of faith (around mantle)
 p - a +3 amulet of reflection
Wands
 i - a wand of flame (11/48)
 r - a wand of random effects (14/48)
Scrolls
 e - 2 scrolls of remove curse
 x - a scroll of enchant weapon
Potions
 q - a potion of magic
Books
 c - the Guide on Confrontation

   Spells                             Type                      Level
   a - Magic Dart                     Conjuration                  1
   b - Stone Arrow                    Conjuration/Earth            3
 y - a book of Maledictions

   Spells                             Type                      Level
   a - Corona                         Hexes                        1
   b - Ensorcelled Hibernation        Hexes/Ice                    2
   c - Confuse                        Hexes                        3
   d - Tukima's Dance                 Hexes                        3
   e - Dazzling Spray                 Conjuration/Hexes            3
Miscellaneous
 o - a fan of gales (inert)
Comestibles
 d - a bread ration
 h - 4 meat rations
 k - 2 chunks of flesh


   Skills:
 - Level 3.0(1.1) Fighting
 - Level 2.0(4.4) Axes
 * Level 9.7(7.6) Polearms
 - Level 5.1(3.2) Slings
 - Level 6.0(4.0) Dodging
 - Level 1.3(0.0) Stealth
   Level 1.0(0.0) Shields
 - Level 1.0(0.0) Spellcasting
   Level 2.0(0.2) Charms


You had 10 spell levels left.
You didn't know any spells.

Dungeon Overview and Level Annotations

Branches:
Dungeon (7/15)             Temple (1/1) D:7

Altars:
Ashenzari
Cheibriados
Dithmenos
Elyvilon
Fedhas
Gozag
Kikubaaqudgha
Makhleb
Nemelex Xobeh
Okawaru
Pakellas
Qazlal
Ru
Sif Muna
Trog
Vehumet
Xom
Zin

Annotations:
D:6 4 runed doors, M4edhros's ghost, amateur FeVM
D:7 Duvessa


Innate Abilities, Weirdness & Mutations

You cannot wear most types of armour.
You are amphibious.
You can wear up to eight rings at the same time.
You can use your tentacles to constrict eight enemies at once.
Your skin changes colour to match your surroundings (Stealth).
Your rubbery body absorbs attacks (AC +1).
One of your tentacles bears a nasty spike.
You are agile. (Dex +2)
Scrolls take you a little longer to read.
Your flesh is heat resistant.
You are resistant to hostile enchantments.
You are somewhat resistant to further mutation.
Your system is resistant to poisons.
You heal very quickly.
You are robust (+10% HP).


Message History

Evoking this partially-identified wand wasted a few charges.
Something hits you!
* * * LOW HITPOINT WARNING * * *
You feel drained.
* * * LOW HITPOINT WARNING * * *
Drink which item? (? for menu, Esc to quit)
Okay, then.
Okay, then.
You don't know any spells.
Drink which item? (? for menu, Esc to quit)
Okay, then.
Evoke which item? (* to show all) (? for menu, Esc to quit)
Zapping:
r - a wand of random effects {zapped: 19} (will waste charges)
Press: ? - help, Shift-Dir - straight line, f - you Nothing appears to happen.
Evoking this partially-identified wand wasted a few charges.
Something hits you!
* * * LOW HITPOINT WARNING * * *
You feel drained.
You die...

#...##....###
##..........#### ###
#.......###....# #..
#..............# #..
#.##...........# #########..
#....#.###.....# #..........
#####. #.....# #..........
###########{##### #..........
#.........#.@.# #..........
#.........###.# #..........
#.........###.# #..........
#.........'...#####..........
#.........###.##..'..........
#..........)..##.##.........#
########.#.#.....##.##'######
#.#.#)..#.##....# #
#.#####.#.####..# #


There were no monsters in sight!

Vanquished Creatures
  Grinder (D:5)
  Prince Ribbit (D:7)
  Eustachio (D:4)
  A wyvern (shapeshifter) (D:7)
  Menkaure (D:7)
  A water moccasin (D:5)
  An ice beast (D:5)
  2 ogres
  A phantom (D:6)
  A wasp (D:7)
  A big kobold (D:5)
  A giant frog (D:6)
  Dowan (D:7)
  A scorpion (D:6)
  4 crimson imps
  A howler monkey (D:6)
  A centaur zombie (D:7)
  A jelly (D:6)
  A giant frog zombie (D:6)
  6 hounds
  2 giant frog skeletons (D:6)
  6 orc wizards
  An iguana (D:7)
  2 worker ants
  A hound skeleton (D:7)
  A worker ant zombie (D:7)
  3 gnolls (D:5)
  10 adders
  A shadow imp (D:6)
  An ooze (D:5)
  2 adder skeletons (D:2)
  A worm (D:6)
  3 dart slugs
  6 giant geckos
  28 orcs
  A bat skeleton (D:2)
  3 bat zombies (D:2)
  6 giant cockroaches
  5 goblins
  3 hobgoblins
  11 jackals
  3 quokkas
  3 bats
  A giant gecko zombie (D:2)
  3 giant newts
  A jackal skeleton (D:6)
  7 kobolds
  3 rats
147 creatures vanquished.

Vanquished Creatures (collateral kills)
  A giant gecko (D:7)
  A jackal (D:6)
  A quokka (D:6)
3 creatures vanquished.

Vanquished Creatures (others)
  A ball lightning (D:7)
1 creature vanquished.

Grand Total: 151 creatures vanquished

Notes
Turn   | Place    | Note
--------------------------------------------------------------
     0 | D:1      | M4edhros the Octopode Wanderer began the quest for the Orb.
     0 | D:1      | M4edhros set off with: a +2 hand axe, a potion of curing, the Guide on Confrontation, a bread ration
     0 | D:1      | Reached XP level 1. HP: 16/16 MP: 2/2
   193 | D:1      | Reached skill level 1 in Dodging
   382 | D:1      | Reached XP level 2. HP: 21/21 MP: 3/3
   957 | D:2      | Reached XP level 3. HP: 20/26 MP: 4/4
  1559 | D:3      | Reached XP level 4. HP: 28/31 MP: 5/5
  1588 | D:3      | Reached skill level 1 in Slings
  1936 | D:3      | Reached XP level 5. HP: 26/36 MP: 6/6
  2159 | D:4      | Noticed Eustachio
  2169 | D:4      | Killed Eustachio
  2169 | D:4      | Reached XP level 6. HP: 26/42 MP: 7/7
  2396 | D:4      | Gained mutation: Your body sometimes deteriorates upon taking damage. [potion of mutation]
  2396 | D:4      | Gained mutation: Scrolls take you a little longer to read. [potion of mutation]
  2396 | D:4      | Gained mutation: Your natural rate of healing is unusually fast. [potion of mutation]
  2432 | D:4      | Reached skill level 5 in Dodging
  2433 | D:4      | Identified the Guide on Confrontation
  2543 | D:4      | Found a burning altar of Makhleb.
  3030 | D:4      | Reached XP level 7. HP: 39/46 MP: 8/8
  3375 | D:5      | Entered Level 5 of the Dungeon
  3397 | D:5      | Reached skill level 5 in Slings
  3590 | D:5      | Found a bloodstained altar of Trog.
  3720 | D:5      | Noticed Grinder
  3721 | D:5      | Paralysed by Grinder for 4 turns
  3844 | D:5      | Reached skill level 1 in Polearms
  4117 | D:5      | Found a sacrificial altar of Ru.
  4157 | D:5      | Reached skill level 2 in Polearms
  4301 | D:5      | Killed Grinder
  4301 | D:5      | Reached skill level 3 in Polearms
  4301 | D:5      | Reached XP level 8. HP: 39/52 MP: 9/9
  4319 | D:5      | Found an oddly glowing altar of Pakellas.
  4633 | D:5      | Reached skill level 4 in Polearms
  4747 | D:6      | Reached skill level 5 in Polearms
  4828 | D:6      | Found a large runed door.
  4828 | D:6      | Found a large runed door.
  4900 | D:6      | Reached skill level 6 in Polearms
  4942 | D:6      | Noticed M4edhros's ghost (amateur FeVM)
  5057 | D:6      | Found a shattered altar of Ashenzari.
  5060 | D:6      | Found a deep blue altar of Sif Muna.
  5330 | D:6      | Found an ancient bone altar of Kikubaaqudgha.
  5408 | D:7      | Noticed Prince Ribbit
  5642 | D:6      | Found a large runed door.
  5642 | D:6      | Found a large runed door.
  5669 | D:6      | Reached skill level 7 in Polearms
  5803 | D:7      | Killed Prince Ribbit
  5803 | D:7      | Reached XP level 9. HP: 56/56 MP: 10/10
  5827 | D:7      | Reached skill level 8 in Polearms
  5847 | D:7      | Found a staircase to the Ecumenical Temple.
  5852 | Temple   | Entered the Ecumenical Temple
  5858 | Temple   | Became a worshipper of Xom of Chaos
  6191 | Temple   | XOM: harmless Erth miscast
  6360 | Temple   | XOM: harmless Trmt miscast
  6560 | D:6      | XOM: enchant monster (bad)
  6605 | D:6      | XOM: divination: detect creatures
  6625 | D:6      | XOM: confuse monster(s)
  6637 | D:6      | XOM: cast spell 'Warp Weapon'
  6658 | D:6      | XOM: enchant monster (good)
  6689 | D:6      | XOM: potion effect (agility)
  6737 | D:6      | XOM: noise
  6745 | D:6      | XOM: divination: detect creatures
  6748 | D:6      | XOM: silly message
  6752 | D:6      | XOM: summons 3 friendly demons
  6776 | D:6      | XOM: confusion (+ monsters)
  6803 | D:6      | XOM: mild Divn miscast
  6809 | D:6      | XOM: harmless Trmt miscast
  6839 | D:6      | XOM: harmless Hex miscast
  6857 | D:6      | XOM: severe Necr miscast
  6873 | D:6      | XOM: polymorph ice beast -> hog
  6875 | D:6      | Noticed a black mamba
  6875 | D:6      | a hog changed into a black mamba
  6875 | D:6      | XOM: polymorph hog -> black mamba
  6876 | D:6      | XOM: mild Divn miscast
  6877 | D:6      | XOM: noise
  6990 | D:6      | XOM: torment (29/56 hp)
  7025 | D:6      | XOM: confuse monster(s)
  7101 | D:6      | XOM is BORED!
  7101 | D:6      | XOM: confusion
  7146 | D:6      | XOM: summons 3 hostile shadow creatures
  7274 | D:7      | XOM: chaos upgrade
  7316 | D:7      | XOM: butterfly on damage
  7324 | D:7      | XOM: severe Air miscast
  7361 | D:7      | XOM: polymorph ogre -> golden eye
  7370 | D:7      | XOM: swap monsters
  7400 | D:7      | XOM: medium Pois miscast
  7404 | D:7      | XOM: mild Ice miscast
  7406 | D:7      | XOM: harmless Tloc miscast
  7418 | D:7      | XOM: harmless Tloc miscast
  7428 | D:7      | XOM: confusion (+ monsters)
  7441 | D:7      | XOM: summons 4 hostile demons
  7462 | D:6      | XOM: summons 1 hostile demon
  7463 | D:6      | XOM: summons 5 hostile shadow creatures
  7475 | D:6      | XOM: polymorph quasit -> crimson imp
  7549 | D:6      | XOM: harmless Divn miscast
  7551 | D:6      | XOM: confusion
  7552 | D:6      | XOM: smoke on damage
  7554 | D:6      | XOM: destruction
  7638 | D:6      | XOM: give mutations
  7638 | D:6      | Gained mutation: Your flesh is heat resistant. [Xom's mischief]
  7638 | D:6      | Lost mutation: Your body sometimes deteriorates upon taking damage. [Xom's mischief]
  7638 | D:6      | Gained mutation: One of your tentacles bears a spike. [Xom's mischief]
  7655 | D:6      | XOM: severe Ice miscast
  7683 | D:6      | XOM: confusion (+ monsters)
  7711 | D:6      | XOM: enchant monster (good)
  7717 | D:6      | XOM: noise
  7725 | D:6      | XOM: blink monster(s)
  7737 | D:6      | XOM: confusion (+ monsters)
  7779 | D:6      | XOM: noise
  7782 | D:6      | XOM: swap monsters
  7796 | D:6      | XOM: fake destruction
  7799 | D:6      | XOM: give mutations
  7799 | D:6      | Gained mutation: One of your tentacles bears a nasty spike. [Xom's grace]
  7799 | D:6      | Gained mutation: Your system is resistant to poisons. [Xom's grace]
  7799 | D:6      | Gained mutation: You are agile. (Dex +2) [Xom's grace]
  7799 | D:6      | Gained mutation: You are somewhat resistant to further mutation. [Xom's grace]
  7828 | D:6      | XOM: summons friendly white imp
  7829 | D:6      | XOM: polymorph white imp -> shadow imp
  7831 | D:7      | Found a snail-covered altar of Cheibriados.
  7838 | D:7      | Noticed Duvessa
  7855 | D:7      | Noticed Dowan
  7856 | D:7      | XOM: summons 2 friendly demons
  7862 | D:6      | XOM: summons 6 friendly demons
  7901 | D:7      | XOM: scenery: 1 doors close
  7906 | D:7      | XOM: polymorph black bear -> wyvern
  8234 | Temple   | XOM: god gift: 4 meat rations
  8443 | Temple   | XOM: give mutations
  8443 | Temple   | Gained mutation: You are resistant to hostile enchantments. [Xom's grace]
  8443 | Temple   | Gained mutation: You are robust (+10% HP). [Xom's grace]
  8443 | Temple   | Gained mutation: You heal very quickly. [Xom's grace]
  8548 | Temple   | XOM: vitrification
  8590 | Temple   | XOM: scenery: create altars
  9120 | Temple   | XOM: god gift: potion of might
  9165 | D:7      | Noticed Menkaure
  9176 | D:7      | Killed Menkaure
  9176 | D:7      | Reached skill level 9 in Polearms
  9273 | D:7      | XOM: colour smoke trail
  9320 | D:7      | XOM: harmless Chrm miscast
  9462 | D:7      | Found a white marble altar of Elyvilon.
  9462 | D:7      | XOM: 6-stop teleportation journey
  9476 | D:7      | Found an opulent altar of Gozag.
  9517 | D:7      | XOM: cast spell 'Warp Weapon'
  9534 | D:7      | XOM: enchant monster (good)
  9719 | Temple   | XOM: god gift: slimy steel ring {god gift}
  9720 | Temple   | Got a slimy steel ring {god gift}
  9721 | Temple   | Identified the ring of Ajaota Xaipp {Fragile Str+5 Dex-3 Stlth+} (Xom gifted it to you in the Ecumenical Temple)
 10318 | Temple   | XOM: 3-stop teleportation journey
 10434 | D:7      | XOM: swap monsters
 10439 | D:7      | XOM: potion effect (might)
 10462 | D:7      | XOM: cast spell 'Summon Ice Beast'
 10479 | D:7      | XOM: confuse monster(s)
 10482 | D:7      | XOM: cast spell 'Ring of Flames'
 10519 | D:7      | XOM: divination: detect items
 10520 | D:7      | XOM: cast spell 'Cause Fear'
 10524 | D:7      | XOM: enchant monster (bad)
 10524 | D:7      | XOM: butterfly on damage
 10624 | D:7      | XOM: summons 2 friendly demons
 10690 | D:7      | XOM: harmless Hex miscast
 10845 | D:7      | XOM: god gift: 51 gold pieces
 11047 | Temple   | XOM: 6-stop teleportation journey
 11229 | Temple   | XOM: colour smoke trail
 11246 | Temple   | XOM: harmless Chrm miscast
 11324 | D:7      | Killed Dowan
 11347 | D:7      | HP: 2/61 [something (10)]
 11347 | D:7      | Slain by Duvessa

Vault maps used:
D:1:      dpeg_arrival_signposts
D:2:      first_bread, serial_undead, serial_undead_d, serial_undead_f,
          serial_undead_e, serial_undead_a, serial_undead_d, serial_undead_a,
          ecumenical_altar_1, uniq_iyjb, uniq_terence
D:4:      old_standard_altar, uniq_eustachio
D:5:      old_standard_altar, kennysheep_little_box,
          nicolae_ru_the_path_less_chosen, uniq_grinder
D:6:      lemuel_crystal_altar, minitemple, hangedman_decor_opposing,
          minmay_hollow_rounded_squares
D:7:      old_standard_altar, grunt_gozag_statues, temple_doors_e,
          cheibriados_altar_1, uniq_duvessa, uniq_menkaure, uniq_prince_ribbit1
Temple:   nicolae_temple_no_exploring_needed

Skill      XL: |  1  2  3  4  5  6  7  8  9 |
---------------+----------------------------+-----
Dodging        | 1 2 3 4 5 6 |  6.0
Slings         | 2 3 4 5 |  5.1
Polearms       | 3 7 9 |  9.7
Fighting       | |  3.0
Axes           | |  2.0
Stealth        | |  1.3
Shields        | |  1.0
Spellcasting   | |  1.0
Charms         | |  2.0

Action                   |  1- 3 |  4- 6 |  7- 9 || total
-------------------------+-------+-------+-------++-------
Melee: Hand axe          |    45 |    32 |       ||    77
       Rapier            |    11 |    56 |   124 ||   191
       Spear             |       |       |   242 ||   242
 Fire: Hunting sling     |    15 |     9 |    19 ||    43
Evoke: Wand              |       |       |    19 ||    19
       Fan of gales      |       |       |     1 ||     1
  Use: Potion            |     3 |     5 |     7 ||    15
       Scroll            |       |     7 |     4 ||    11
 Stab: Sleeping          |     6 |     3 |     4 ||    13
       Distracted        |       |       |     1 ||     1
       Paralysed         |       |       |    10 ||    10
  Eat: Chunk             |     2 |     4 |    16 ||    22
       Beef jerky        |       |       |     1 ||     1
       Bread ration      |       |       |     2 ||     2
       Meat ration       |       |       |     1 ||     1
